 Seeded DCSS version 0.29.1-1-gd02db6906a (webtiles) character file.

Game seed: 2387645567842811425 (custom seed)

20 lonewolfV2 the Covered (level 2, -2/19 HPs)
             Began as a Gargoyle Fighter on Oct 18, 2022.
             Slain by a hobgoblin (4 damage)
             ... on level 1 of the Dungeon.
             The game lasted 00:01:18 (702 turns).

lonewolfV2 the Covered (Gargoyle Fighter)            Turns: 702, Time: 00:01:19

Health: -2/19      AC:  9    Str: 25    XL:     2   Next: 79%
Magic:  2/2        EV: 13    Int:  8    God:
Gold:   14         SH:  4    Dex: 12    Spells: 1/1 levels left

rFire   x . .      SeeInvis .   a - +0 flail
rCold   . . .      Faith    .   c - +0 buckler
rNeg    + . .      Spirit   .   b - +0 scale mail
rPois   ∞          Reflect  .   (no helmet)
rElec   +          Harm     .   (no cloak)
rCorr   +          Rampage  .   (no gloves)
Will    .....                   (no boots)
Stlth   ..........              (no amulet)
HPRegen 0.06/turn               h - +4 ring of evasion
MPRegen 0.08/turn               f - ring "Vachea" {rF- rCorr Str+6 Dex+3}

@: no status effects
A: sickness immunity, AC +2, negative energy resistance 1, electricity
resistance, torment resistance 1, petrification resistance
a: no special abilities


You were on level 1 of the Dungeon.
You visited 1 branch of the dungeon, and saw 1 of its levels.

You collected 14 gold pieces.

Inventory:

Hand Weapons
 a - a +0 flail (weapon)
Armour
 b - a +0 scale mail (worn)
 c - a +0 buckler (worn)
Jewellery
 f - the ring "Vachea" (right hand) {rF- rCorr Str+6 Dex+3}
   (You acquired it on level 1 of the Dungeon)

   [ring of strength]

   Str:       It affects your strength (+6).
   Dex:       It affects your dexterity (+3).
   rF:        It makes you vulnerable to fire.
   rCorr:     It protects you from acid and corrosion.
 h - a +4 ring of evasion (left hand)
Potions
 d - a potion of might
 e - 2 potions of curing {unknown}
 g - a potion of magic {unknown}


   Skills:
 + Level 3.5 Fighting
 + Level 2.3 Maces & Flails
 + Level 3.6 Armour
 + Level 3.5 Shields


You had one spell level left.
You didn't know any spells.
Your spell library contained the following spells:

 Spells                   Type           Power      Damage    Failure   Level
 Gell's Gravitas          Tloc           0%         N/A       99%         3
 Lesser Beckoning         Tloc           0%         N/A       99%         3
 Teleport Other           Tloc           0%         N/A       99%         3


Dungeon Overview and Level Annotations

Branches:
Dungeon (1/15)

Altars:


Innate Abilities, Weirdness & Mutations

You are immune to sickness and miasma.
Your stone body is resilient. (AC +2)
You are immune to poison.
You resist negative energy. (rN+)
You are resistant to electric shocks. (rElec)
You are resistant to unholy torment.
You are immune to petrification.


Message History

The endoplasm attacks as you move away! You block the endoplasm's attack.
The hobgoblin hits you but does no damage.
The hobgoblin hits you but does no damage.
The hobgoblin attacks as you move away!
The hobgoblin hits you but does no damage.
The endoplasm attacks as you move away! The endoplasm hits you.
The endoplasm attacks as you move away! The endoplasm barely misses you.
The hobgoblin misses you. The endoplasm freezes you.
You are frozen.
You block the hobgoblin's attack. The endoplasm misses you.
You block the hobgoblin's attack. The endoplasm freezes you.
You are frozen.
You block the hobgoblin's attack. The endoplasm barely misses you.
The hobgoblin hits you. The endoplasm completely misses you.
The hobgoblin hits you but does no damage.
The endoplasm misses you. You block the hobgoblin's attack.
The endoplasm hits you but does no damage.
The hobgoblin hits you. The endoplasm misses you.
The hobgoblin hits you but does no damage.
The endoplasm hits you but does no damage.
The hobgoblin closely misses you.
The endoplasm hits you but does no damage.
The hobgoblin misses you. The endoplasm closely misses you.
The hobgoblin barely misses you. The endoplasm closely misses you.
The hobgoblin hits you but does no damage.
The endoplasm misses you. The hobgoblin closely misses you.
The endoplasm freezes you.
You are frozen.
* * * LOW HITPOINT WARNING * * *
The hobgoblin misses you.
The endoplasm hits you but does no damage.
The hobgoblin hits you but does no damage.
The endoplasm closely misses you. The hobgoblin closely misses you.
The endoplasm closely misses you. The hobgoblin hits you.
You die...

..._........#.##>...).#.
#.. #......#.........#.
.##.##.............##.#)
.............†..........
###...................
#..............##...
#..............##...
#.Jg...........##...
#..@.....[.....##...
#.........####+### .
#.........#
#....####.... +.... ....
#.... ... #.... ## #....


You could see an endoplasm and a hobgoblin.

Vanquished Creatures
  2 ball pythons (D:1)
  3 endoplasms (D:1)
  A giant cockroach (D:1)
  A goblin (D:1)
  A hobgoblin (D:1)
  3 jackals (D:1)
  2 kobolds (D:1)
  A quokka (D:1)
  A bat (D:1)
  2 rats (D:1)
17 creatures vanquished.

Notes
Turn   | Place    | Note
-------+----------+-------------------------------------------
     0 | D:1      | lonewolfV2 the Gargoyle Fighter began the quest for the
                  | Orb.
     0 | D:1      | Reached XP level 1. HP: 14/14 MP: 1/1
   324 | D:1      | Reached XP level 2. HP: 19/19 MP: 2/2
   571 | D:1      | Identified a scroll of acquirement
   571 | D:1      | Acquired the ring "Vachea" {rF- rCorr Str+6 Dex+3}
   676 | D:1      | Found a faded altar of an unknown god.
   702 | D:1      | Slain by a hobgoblin

Illustrated notes

Levels and vault maps discovered:
D:1:      lemuel_arrival_room, layout_basic, ebering_ecumenical_altar_box

Action                   || total
-------------------------++-------
Melee: Flail             ||    52
  Use: Scroll            ||     2
Armor: Scale mail        ||    41
Dodge: Dodged            ||    60
Block: Buckler           ||    19
